 Dungeon Crawl Stone Soup version 0.21.1-1-g345015fe64 (webtiles) character file.

127 Jannitor the Skirmisher (level 4, -1/37 HPs)
             Began as a Demonspawn Chaos Knight on June 12, 2018.
             Killed by divine providence
             ... invoked by an orc priest
              (14 damage)
             ... on level 3 of the Dungeon.
             The game lasted 00:02:19 (1746 turns).

Jannitor the Skirmisher (Demonspawn Chaos Knight)   Turns: 1746, Time: 00:02:19

Health: -1/37      AC:  8    Str: 13    XL:     4   Next: 85%
Magic:  0/4        EV: 12    Int: 14    God:    Xom [...*..]
Gold:   114        SH:  0    Dex: 12    Spells: 3/3 levels left

rFire    + + .     SeeInvis .   r - +0 dagger (venom)
rCold    . . .     Gourm    .   (no shield)
rNeg     . . .     Faith    .   b - +2 leather armour
rPois    +         Spirit   +   (helmet restricted)
rElec    .         Reflect  .   l - +0 cloak
rCorr    .         Harm     .   (no gloves)
MR       .....                  (no boots)
Stlth    ++........             (no amulet)
HPRegen  0.12/turn              o - ring "Tiupuj" {Wiz rPois rF++}
MPRegen  0.09/turn              (no ring)

@: cleaving
A: horns 1, molten scales 1, magic shield
a: Renounce Religion


You were on level 3 of the Dungeon.
You worshipped Xom.
You were a favourite toy of Xom.
You were not hungry.

You visited 1 branch of the dungeon, and saw 5 of its levels.

You collected 114 gold pieces.

Inventory:

Hand Weapons
 a - a +0 short sword of chaos
 r - a +0 dagger of venom (weapon)
Armour
 b - a +2 leather armour (worn)
 l - a +0 cloak (worn)
 q - a +2 buckler
Jewellery
 o - the ring "Tiupuj" (left hand) {Wiz rPois rF++}
   (Xom gifted it to you on level 5 of the Dungeon)

   [ring of wizardry]

   It improves your spell success rate.
   It greatly protects you from fire.
   It protects you from poison.
Wands
 h - a wand of random effects (18)
Scrolls
 d - 4 scrolls of teleportation
 f - 2 scrolls of identify {unknown}
 j - 2 scrolls of remove curse {unknown}
 n - a scroll of amnesia {unknown}
Potions
 e - a potion of degeneration {unknown}
 g - a potion of mutation {unknown}
 k - a potion of lignification {unknown}
 m - 3 potions of curing {unknown}
 p - a potion of heal wounds {unknown}
Comestibles
 c - 6 rations


   Skills:
 + Level 3.7 Fighting
 + Level 3.5 Short Blades
 - Level 1.8 Armour
 + Level 2.1 Dodging
 + Level 2.0 Stealth


You had 3 spell levels left.
You didn't know any spells.

Dungeon Overview and Level Annotations

Branches:
Dungeon (5/15)
 Temple: D:4-7

Altars:
Elyvilon
Xom

Annotations:
D:3 Terence


Innate Abilities, Weirdness & Mutations

You have a pair of small horns on your head.
You are partially covered in molten scales. (AC +2)
When hurt, damage is shared between your health and your magic reserves.


Message History

Pain shoots through your body!
You closely miss Terence.
Terence is lightly wounded.
Terence barely misses you.
An orc comes into view. "Go forth and destroy!"
Your +0 dagger of venom looks sharp.
You are now a favourite toy of Xom.
The orc priest mumbles some strange prayers to Beogh against you.
Beogh smites you!
A shower of butterflies erupts from you!
Terence misses your butterfly.
A rat comes into view.
Terence completely misses your butterfly.
The kobold hits your butterfly with a short sword.
Your butterfly dies!
The orc priest invokes the aid of Beogh against you.
Beogh smites you!
You die...
Xom howls with laughter!

#......o...#
#....o.....####
#..<..K........
.......b...#
.......@..# ###......b#
#####b.## #.##
######@### ##########
..........####........#
..
.#.######.............#
... ######........#
.... #......).# ##....
######.### ....## #.#
...... #.# ..#
..####### #.#


You could see Terence, an orc priest and a kobold.

Vanquished Creatures
  Ijyb (D:3)
  An iguana (D:4)
  An adder (D:3)
  An ooze (D:1)
  3 dart slugs
  3 leopard geckos
  6 orcs
  A giant cockroach (D:2)
  5 goblins
  4 hobgoblins
  7 kobolds
  4 bats
  2 frilled lizards (D:1)
  5 rats (D:1)
44 creatures vanquished.

Vanquished Creatures (others)
  A kobold (D:2)
1 creature vanquished.

Grand Total: 45 creatures vanquished

Notes
Turn   | Place    | Note
-------+----------+-------------------------------------------
     0 | D:1      | Jannitor the Demonspawn Chaos Knight began the quest for the Orb.
     0 | D:1      | Reached XP level 1. HP: 18/18 MP: 1/1
    35 | D:1      | XOM: potion effect (invisibility)
    40 | D:1      | Reached skill level 1 in Dodging
    48 | D:1      | Gained mutation: When hurt, damage is shared between your health and your magic reserves. [demonic ancestry]
    48 | D:1      | Reached XP level 2. HP: 18/24 MP: 2/2
   443 | D:1      | Reached skill level 1 in Stealth
   461 | D:1      | XOM: divination: detect items
   645 | D:1      | XOM: divination: detect items
   681 | D:2      | Gained mutation: You have a pair of small horns on your head. [demonic ancestry]
   681 | D:2      | Reached XP level 3. HP: 29/29 MP: 3/3
   707 | D:2      | Found a white marble altar of Elyvilon.
   707 | D:2      | XOM: 1-stop teleportation journey
  1043 | D:2      | You fall through a shaft for 2 floors!
  1206 | D:4      | XOM: butterfly on damage
  1212 | D:4      | Gained mutation: You are partially covered in molten scales. (AC +2) [demonic ancestry]
  1212 | D:4      | Reached XP level 4. HP: 21/35 MP: 1/4
  1227 | D:5      | Entered Level 5 of the Dungeon
  1294 | D:5      | XOM: god gift: translucent tin ring {god gift}
  1297 | D:5      | Got a translucent tin ring {god gift}
  1298 | D:5      | Identified the ring "Tiupuj" {Wiz rPois rF++} (Xom gifted it to you on level 5 of the Dungeon)
  1483 | D:3      | Noticed Ijyb
  1489 | D:3      | XOM: scenery: create altars
  1497 | D:3      | Killed Ijyb
  1735 | D:3      | Noticed Terence
  1744 | D:3      | XOM: cleaving
  1744 | D:3      | XOM: butterfly on damage
  1746 | D:3      | Killed from afar by an orc priest

Skill      XL: |  1  2  3  4 |
---------------+-------------+-----
Dodging        | 1 2 |  2.1
Short Blades   | 3 |  3.5
Stealth        | 1 2 |  2.0
Fighting       | |  3.7
Armour         | |  1.8

Action                   |  1- 3 |  4- 6 || total
-------------------------+-------+-------++-------
Melee: Short sword       |    87 |    39 ||   126
       Headbutt          |     6 |    13 ||    19
       Dagger            |       |    16 ||    16
  Use: Scroll            |       |     1 ||     1
       Potion            |       |     1 ||     1
 Stab: Petrified         |     2 |       ||     2
       Confused          |     1 |       ||     1
       Sleeping          |     2 |     1 ||     3
       Invisible         |     1 |     2 ||     3
  Eat: Chunk             |     1 |     2 ||     3
Armor: Leather armour    |    32 |    12 ||    44
Dodge: Dodged            |    54 |    33 ||    87
